 Dungeon Crawl Stone Soup version 0.17-a0-469-g696e5a1 (webtiles) character file.

18 RobertPalmer the Changer (level 2, 0/18 HPs)
             Began as an Octopode Transmuter on Apr 6, 2015.
             Slain by a jackal (2 damage)
             ... on level 1 of the Dungeon.
             The game lasted 00:02:56 (632 turns).

RobertPalmer the Changer (Octopode Transmuter)       Turns: 632, Time: 00:02:56

Health: 0/18       AC:  1    Str:  9    XL:     2   Next: 66%
Magic:  5/5        EV: 12    Int: 15    God:
Gold:   51         SH:  0    Dex: 12    Spells: 1 memorised, 4 levels left

rFire  . . .     SeeInvis .       - Unarmed
rCold  . . .     Clarity  .     (no shield)
rNeg   . . .     SustAb   .     (helmet restricted)
rPois  .         Gourm    .     (no amulet)
rElec  .         Spirit   .     (no ring)
rCorr  .         Warding  .     (no ring)
rMut   .         Stasis   .     (no ring)
MR     .....                    (no ring)
Stlth  ++........               (no ring)
                                (no ring)
                                (no ring)
                                (no ring)

@: not resistant to hostile enchantments, unstealthy
A: almost no armour, amphibious, 8 rings, constrict 8, camouflage 1, gelatinous
body 1
a: no special abilities


You were on level 1 of the Dungeon.
You were not hungry.

You visited 1 branch of the dungeon, and saw 1 of its levels.

You collected 51 gold pieces.

Inventory:

Missiles
 b - 12 arrows
 h - 7 arrows of frost
Scrolls
 c - a scroll of teleportation {unknown}
 e - a scroll of fog {unknown}
 f - 2 scrolls of identify {unknown}
 g - 2 scrolls of magic mapping {unknown}
 k - a scroll of remove curse {unknown}
Potions
 j - a potion of curing {unknown}
 l - a potion of brilliance {unknown}
 m - a potion of agility {unknown}
Books
 d - a book of Changes
Comestibles
 a - a bread ration {@e1}
 i - a beef jerky


   Skills:
 - Level 1.0 Fighting
 - Level 2.0 Dodging
 - Level 3.0 Unarmed Combat
 - Level 2.0 Spellcasting
 + Level 3.1 Transmutations


You had 4 spell levels left.
You knew the following spells:

 Your Spells              Type           Power        Failure   Level  Hunger
z - Beastly Appendage     Trmt           ##....       8%          1    #......


Dungeon Overview and Level Annotations

Branches:
Dungeon (1/15)

Altars:


Innate Abilities, Weirdness & Mutations

You cannot wear most types of armour.
You are amphibious.
You can wear up to eight rings at the same time.
You can use your tentacles to constrict eight enemies at once.
Your skin changes colour to match your surroundings (Stealth).
Your rubbery body absorbs attacks (AC +1).


Message History

You see here a stone.
You take 1 damage, and have 16/18 hp.
You see here a stone.
You see here a stone.
One of your tentacles grows a vicious spike.
You now have 4/5 mp.
The kobold barely misses you.
You see here a stone.
You miss the kobold. You grab the kobold.
You pierce the kobold.
You constrict the kobold.
You tentacle-slap the kobold but do no damage.
You constrict the kobold. The kobold hits you.
You take 3 damage, and have 13/18 hp.
You tentacle-slap the kobold but do no damage.
You constrict the kobold. The kobold barely misses you.
You release your grip on the kobold.
You closely miss the kobold. Your grab misses the kobold. The kobold hits you.
You take 3 damage, and have 10/18 hp.
You barely miss the kobold. You grab the kobold. You constrict the kobold.
You kill the kobold!
MP restored: 5 Your transformation is almost over.
You now have 28 gold pieces (gained 14).
You start resting.
Your tentacle spike disappears.
Unknown command.
j - a fizzy brown potion As you open the door, it creaks loudly!
There is an open door here.
k - a scroll labeled ZELLEI JIEHEDO You regained 2 hp, and now have 14/18 hp.
You now have 39 gold pieces (gained 11).
l - a bubbling pink potion A kobold comes into view.
It is wielding a dagger.
The kobold moves out of view.
The kobold is too close now for your liking.
A kobold is nearby!
A kobold is nearby!
A kobold is nearby!
A kobold is nearby!
You see here 12 gold pieces.
You now have 51 gold pieces (gained 12).
One of your tentacles grows a vicious spike.
You now have 4/5 mp.
The kobold barely misses you.
You completely miss the kobold. You grab the kobold.
You pierce the kobold, but do no damage.
You constrict the kobold, but do no damage.
The kobold barely misses you.
You tentacle-slap the kobold.
You kill the kobold!
Your transformation is almost over.
m - a puce potion Unknown command.
Found a stone staircase leading down.
A jackal comes into view.
MP restored: 5 A jackal is nearby!
A jackal is nearby!
A jackal is nearby!
A jackal is nearby! 2 jackals come into view.
The jackal barks!
The jackal barks!
Unknown command.
Okay, then.
Unknown command.
The jackal barks!
Your tentacle spike disappears.
You tentacle-slap the jackal. You grab the jackal.
Your squeeze misses the jackal. You constrict the jackal. The jackal bites you.
The jackal bites you.
The jackal barks!
You take 5 damage, and have 11/18 hp.
MASSIVE DAMAGE!!
You tentacle-slap the jackal.
You kill the jackal!
The jackal misses you. The jackal bites you. The jackal barely misses you.
You take 3 damage, and have 8/18 hp.
Unknown command.
You tentacle-slap the jackal. You grab the jackal.
Your squeeze misses the jackal. You constrict the jackal. The jackal bites you.
* * * LOW HITPOINT WARNING * * *
The jackal barely misses you.
You take 3 damage, and have 5/18 hp.
Unknown command.
You tentacle-slap the jackal.
You kill the jackal!
The jackal bites you.
* * * LOW HITPOINT WARNING * * *
The jackal bites you.
* * * LOW HITPOINT WARNING * * *
You take 4 damage, and have 1/18 hp.
MASSIVE DAMAGE!!
You tentacle-slap the jackal. Your grab misses the jackal.
The jackal barely misses you.
Unknown command.
You tentacle-slap the jackal but do no damage.
Your grab misses the jackal. The jackal bites you.
You die...

### #<# #.# #.# #.#
#############'######## ########
#....@..........##.... ###......#
#...hh.....#.....#.†..
.........###..........#.....#....
.)...............................
................########.#.......
...##............... ....#.......
...##...........####.............
...##..............#.............
...##..............#...........#.


You could see 2 jackals.

Vanquished Creatures
  3 goblins (D:1)
  A hobgoblin (D:1)
  2 jackals (D:1)
  3 kobolds (D:1)
  2 bats (D:1)
  A giant cockroach (D:1)
  2 giant newts (D:1)
  3 rats (D:1)
17 creatures vanquished.

Notes
Turn   | Place    | Note
--------------------------------------------------------------
     0 | D:1      | RobertPalmer, the Octopode Transmuter, began the quest for the Orb.
     0 | D:1      | Reached XP level 1. HP: 13/13 MP: 3/3
   184 | D:1      | Reached XP level 2. HP: 11/18 MP: 3/5
   507 | D:1      | Reached skill level 3 in Transmutations
   630 | D:1      | HP: 2/18 [jackal (3)]
   632 | D:1      | Slain by a jackal

Action                   || total
-------------------------++-------
Melee: Unarmed           ||    37
 Cast: Beastly Appendage ||     9
 Stab: Sleeping          ||     1

Vault maps used:
D:1:      dpeg_arrival_sounds_slurp

Table legend:
 A = Turns spent in this place as a percentage of turns spent in the entire game.
 B = Non-inter-level travel turns spent in this place as a percentage of non-inter-level travel turns spent in the entire game.
 C = Inter-level travel turns spent in this place as a percentage of turns spent in this place.
 D = Turns resting spent in this place as a percentage of non-inter-level travel turns spent in this place.
 E = Turns spent auto-exploring this place as a percentage of non-inter-level travel turns spent in this place.
 F = Non-inter-level travel turns spent in this place divided by the number of levels of this place that you've seen.
                   A       B       C       D       E      F
               +-------+-------+-------+-------+-------+----------------------
         Total | 100.0 | 100.0 |   0.0 |   2.4 |   5.6 | 252.0
       Dungeon | 100.0 | 100.0 |   0.0 |   2.4 |   5.6 | 252.0
               +-------+-------+-------+-------+-------+----------------------

Table legend:
 A = Kills in this place as a percentage of kills in entire the game.
 B = Kills by you in this place as a percentage of kills by you in the entire game.
 C = Kills by friends in this place as a percentage of kills by friends in the entire game.
 D = Other kills in this place as a percentage of other kills in the entire game.
 E = Experience gained in this place as a percentage of experience gained in the entire game.
 F = Experience gained in this place divided by the number of levels of this place that you have seen.
                   A       B       C       D       E      F
               +-------+-------+-------+-------+-------+----------------------
         Total | 100.0 | 100.0 |  -nan |  -nan | 100.0 |  26.0
       Dungeon | 100.0 | 100.0 |  -nan |  -nan | 100.0 |  26.0
               +-------+-------+-------+-------+-------+----------------------
